 Dungeon Crawl Stone Soup version 0.28.0-53-g5a82cb258f (webtiles) character file.

Game seed: 16900437224666404491

49 DildoBatman the Conjurer (level 4, -2/27 (30) HPs)
             Began as a Formicid Conjurer on July 7, 2022.
             Slain by a goblin
             ... wielding a +0 dagger
              (3 damage)
             ... on level 1 of the Dungeon.
             The game lasted 00:02:57 (822 turns).

DildoBatman the Conjurer (Formicid Conjurer)         Turns: 822, Time: 00:02:57

HP:   -2/27 (30)    AC:  2    Str: 12    XL:     4   Next: 2%
MP:   5/7           EV: 12    Int: 17    God:
Gold: 16            SH:  0    Dex: 11    Spells: 4/7 levels left

rFire   + . .      SeeInvis +   e - +0 short sword
rCold   . . .      Faith    .   (no shield)
rNeg    . . .      Spirit   .   a - +0 robe
rPois   .          Reflect  .   (helmet unavailable)
rElec   .          Harm     .   (no cloak)
rCorr   .          Rampage  .   (no gloves)
Will    .....                   (no boots)
Stlth   ++........              (no amulet)
HPRegen 0.09/turn               j - ring of protection from fire
MPRegen 0.10/turn               (no ring)

@: heavily drained
A: permanent stasis, dig shafts and tunnels, antennae 3, four strong arms
a: Dig, Shaft Self


You were on level 1 of the Dungeon.
You visited 1 branch of the dungeon, and saw 1 of its levels.

You collected 16 gold pieces.

Inventory:

Hand Weapons
 c - a +0 club
 e - a +0 short sword (weapon)
Missiles
 g - 22 stones
 k - 11 bolts
Armour
 a - a +0 robe (worn)
Jewellery
 j - a ring of protection from fire (left hand)
Scrolls
 b - 2 scrolls of identify {unknown}
 d - a scroll of amnesia {unknown}
 f - a scroll of magic mapping {unknown}
 i - a scroll of brand weapon {unknown}
Potions
 h - 2 potions of curing {unknown}


   Skills:
 - Level 1.7 Dodging
 - Level 2.4 Stealth
 - Level 2.1 Spellcasting
 * Level 4.8 Conjurations


You had 4 spell levels left.
You knew the following spells:

 Your Spells              Type           Power      Damage    Failure   Level
a - Searing Ray           Conj           36%        2d5       3%          2
c - Magic Dart            Conj           72%        1d6       2%          1

Your spell library contained the following spells:

 Spells                   Type           Power      Damage    Failure   Level
 Dazzling Flash           Conj/Hex       20%        N/A       22%         3
 Fulminant Prism          Conj/Hex       5%         3d7       56%         4
 Iskenderun's Mystic Bla  Conj/Tloc      10%        2d4       56%         4


Dungeon Overview and Level Annotations

Branches:
Dungeon (1/15)

Altars:


Innate Abilities, Weirdness & Mutations

You cannot be hasted, slowed, berserked, paralysed or teleported.
You can dig through walls and to a lower floor.
You have a pair of large antennae on your head. (SInv)
Your four strong arms can wield two-handed weapons with a shield.


Message History

t - Shout!
Orders for allies: a - Attack new target. r - Retreat! s - Stop attacking. g - Guard the area. f - Follow me.
Anything else - Cancel.
You shout for attention!
The jackal closely misses you. x2
The goblin hits you with a +0 dagger. What are your orders? t - Shout!
Orders for allies: a - Attack new target. r - Retreat! s - Stop attacking. g - Guard the area. f - Follow me.
Anything else - Cancel.
You shout for attention!
The jackal bites you. The jackal barely misses you.
The goblin hits you with a +0 dagger. The jackal closely misses you.
What are your orders? t - Shout!
Orders for allies: a - Attack new target. r - Retreat! s - Stop attacking. g - Guard the area. f - Follow me.
Anything else - Cancel.
You shout for attention!
The jackal barely misses you.
The jackal bites you but does no damage.
The goblin closely misses you. The jackal bites you.
What are your orders? t - Shout!
Orders for allies: a - Attack new target. r - Retreat! s - Stop attacking. g - Guard the area. f - Follow me.
Anything else - Cancel.
You shout for attention!
The jackal barely misses you. x2
The goblin hits you with a +0 dagger.
You die...

{.....##.#.###..##...###
#.........###..##...#
#.....#.##..........#
..### #........###..#
#.#...# #........###..#
#...... #.............#
#...... #.......####.##
#...... ##h......#....#
#...... ##@h......#.####
#.....##g#.......#.#
###.......#########.#
#.........# #.#
#.#..##.#.####### #.# #.
#....)..†..# #.#
#.....#.#####.# #.#
#..##.#.# #.###.# #..
..^.# #.....#


You could see 2 jackals and a goblin.

Vanquished Creatures
  3 dart slugs (D:1)
  3 ball pythons (D:1)
  4 endoplasms (D:1)
  A giant cockroach (D:1)
  3 hobgoblins (D:1)
  4 jackals (D:1)
  2 quokkas (D:1)
  3 bats (D:1)
  5 goblins (D:1)
  5 kobolds (D:1)
  3 rats (D:1)
36 creatures vanquished.

Notes
Turn   | Place    | Note
-------+----------+-------------------------------------------
     0 | D:1      | DildoBatman the Formicid Conjurer began the quest for the
                  | Orb.
     0 | D:1      | Reached XP level 1. HP: 13/13 MP: 3/3
   231 | D:1      | Reached skill level 4 in Conjurations
   231 | D:1      | Reached XP level 2. HP: 19/19 MP: 0/5
   292 | D:1      | Learned a level 2 spell: Searing Ray
   397 | D:1      | Reached XP level 3. HP: 14/24 MP: 2/6
   588 | D:1      | Found a faded altar of an unknown god.
   791 | D:1      | Reached XP level 4. HP: 30/30 MP: 2/7
   821 | D:1      | HP: 1/27 [jackal (1)]
   822 | D:1      | Slain by a goblin

Illustrated notes

Levels and vault maps discovered:
D:1:      tarquinn_simple_flora_water_a, layout_loops_cross,
          shapermc_ecumenical_altar_mp_vishouse

Skill      XL: |  1 |
---------------+----+-----
Conjurations   | 4 |  4.8
Dodging        | |  1.7
Stealth        | |  2.4
Spellcasting   | |  2.1

Action                   |  1- 3 |  4- 6 || total
-------------------------+-------+-------++-------
Melee: Short sword       |     9 |       ||     9
 Cast: Magic Dart        |    32 |       ||    32
       Searing Ray       |     5 |       ||     5
 Abil: Dig               |       |     1 ||     1
 Stab: Sleeping          |     1 |       ||     1
Armor: Robe              |     2 |     9 ||    11
Dodge: Dodged            |     7 |    31 ||    38
